 Dungeon Crawl Stone Soup version 0.29-a0-243-g602b31c20e (webtiles) character file.

Game seed: 12515923984701735470

518 sammy202020 the Cutter (level 7, -18/38 HPs)
             Began as a Vampire Berserker on Mar 5, 2022.
             Was a Believer of Trog.
             Demolished by an ogre
             ... wielding a +0 giant club
              (26 damage)
             ... on level 5 of the Dungeon.
             The game lasted 00:08:12 (3746 turns).

sammy202020 the Cutter (Vampire Berserker)          Turns: 3746, Time: 00:08:13

Health: -18/38     AC:  0    Str: 14 (16) XL:     7   Next: 1%
Magic:  5/7        EV: 21    Int:  9 (11) God:    Trog [**....]
Gold:   197        SH:  0    Dex: 17 (19) Spells: 6/6 levels left

rFire   . . .      SeeInvis +   (weapon currently unavailable)
rCold   + + .      Faith    .   (shield currently unavailable)
rNeg    + + +      Spirit   .   (body armour currently unavailable)
rPois   ∞          Reflect  .   (helmet currently unavailable)
rElec   .          Harm     .   (cloak currently unavailable)
rCorr   .          Rampage  .   (gloves currently unavailable)
Will    .....                   (boots currently unavailable)
Stlth   ++++......              n - amulet of regeneration
HPRegen 0.00/turn               (ring currently unavailable)
MPRegen 0.10/turn               (ring currently unavailable)

@: bat-form, flying, bloodless, inhibited regen, very quick
A: fast, flying, no casting, tiny, bloodless, fangs 3, see invisible, vampiric
2, [frail 1]
a: Revivify, End Transformation, Renounce Religion, Trog's Hand


You were on level 5 of the Dungeon.
You worshipped Trog.
Trog was pleased with you.
You were a vampire bat.
You visited 1 branch of the dungeon, and saw 5 of its levels.

You collected 197 gold pieces.

Inventory:

Hand Weapons
 a - a +0 short sword
 d - a +1 dagger of speed (melded)
 g - a +2 dagger of electrocution
Armour
 b - a +0 chain mail (melded)
 c - a +1 pair of boots (melded)
 k - a +0 pair of gloves (melded)
Jewellery
 j - a +6 ring of strength (melded)
 n - an amulet of regeneration (around neck)
 o - a ring of magical power
Scrolls
 e - 2 scrolls of identify
 h - 3 scrolls of teleportation
 i - a scroll of blinking
 s - a scroll of silence {unknown}
Potions
 f - 2 potions of flight
 l - 2 potions of curing {unknown}
 m - a potion of heal wounds {unknown}
 p - 4 potions of attraction {unknown}
 q - a potion of mutation {unknown}
 r - a potion of degeneration {unknown}


   Skills:
 + Level 4.3 Fighting
 + Level 5.2 Short Blades
 + Level 3.3 Armour
 + Level 4.4 Dodging


You had 6 spell levels left.
You didn't know any spells.
Your spell library was empty.

Dungeon Overview and Level Annotations

Branches:
Dungeon (5/15)
 Temple: D:4-7

Altars:


Innate Abilities, Weirdness & Mutations

You are a vampire bat.
You are tiny and dextrous.
You move quickly.
You are flying.
You are immune to poison.
Your equipment is almost entirely melded.
You are incapable of wielding weapons or throwing items.
You cannot cast spells.
You do not regenerate when monsters are visible.
You are frail without blood (-20% HP).
You can heal yourself when you bite living creatures.
You are immune to poison.
You have razor-sharp teeth.
You have supernaturally acute eyesight. (SInv)
You are afflicted with vampirism and can become a bat while bloodless.
[You are frail. (-10% HP)]


Message History

You kill the hound!
Trog accepts your kill.
You have reached level 7!
You see here a hound corpse.
Found a book of Lightning and a leather armour.
No target in view!
No target in view!
No target in view!
No target in view!
No target in view!
No target in view!
No target in view!
No target in view!
No target in view!
You see here a book of Lightning.
You see here a +0 leather armour.
Found 17 stones.
No target in view!
You see here 17 stones.
An ogre comes into view. It is wielding a +0 giant club.
The ogre shouts!
You hit the ogre but do no damage. The ogre hits you with a +0 giant club!
You hit the ogre. Your bite misses the ogre.
The ogre is lightly wounded.
You hit the ogre but do no damage.
The ogre is lightly wounded.
You hit the ogre.
The ogre is lightly wounded.
The ogre hits you with a +0 giant club!
* * * LOW HITPOINT WARNING * * *
You turn into a vampire bat.
Your +1 dagger of speed melds into your body.
Your +0 pair of gloves melds into your body.
Your +1 pair of boots melds into your body.
Your +0 chain mail melds into your body.
Your +6 ring of strength melds into your body.
You feel weaker.
You feel weakened.
You feel dopey.
You feel clumsy.
The ogre hits you with a +0 giant club!!
Ouch! That really hurt!
You die...

#. #. #. #. ###. ...
#O############
###.b.(.........
...................
############.........
#............#######.
#.##########........
#[# #.####### #.# #.#
#:# ... #.#
#.###########


You could see an ogre.

Vanquished Creatures
  Sigmund (D:3)
  A scorpion (D:4)
  2 bullfrogs
  A hound (D:5)
  An iguana (D:4)
  6 adders
  2 worms
  3 dart slugs
  3 orcs
  4 bats
  3 endoplasms
  6 giant cockroaches
  4 goblins
  7 hobgoblins
  2 jackals (D:4)
  6 kobolds
  3 quokkas
  7 ball pythons
  2 frilled lizards (D:3)
  A rat (D:2)
65 creatures vanquished.

Notes
Turn   | Place    | Note
-------+----------+-------------------------------------------
     0 | D:1      | sammy202020 the Vampire Berserker began the quest for the
                  | Orb.
     0 | D:1      | Reached XP level 1. HP: 17/17 MP: 1/1
   418 | D:1      | Reached XP level 2. HP: 17/18 MP: 2/2
  1581 | D:2      | Gained mutation: You are afflicted with vampirism and can
                  | become a bat while bloodless. [Vampire growth]
  1581 | D:2      | Reached XP level 3. HP: 23/23 MP: 3/3
  1960 | D:2      | Reached ** piety under Trog
  2193 | D:3      | Noticed Sigmund
  2197 | D:3      | Reached XP level 4. HP: 28/28 MP: 4/4
  2219 | D:3      | Killed Sigmund
  2220 | D:3      | Reached skill level 4 in Short Blades
  2220 | D:3      | Reached XP level 5. HP: 14/33 MP: 5/5
  2314 | D:3      | Found a faded altar of an unknown god.
  3020 | D:4      | Reached XP level 6. HP: 32/38 MP: 6/6
  3542 | D:4      | Reached skill level 5 in Short Blades
  3609 | D:5      | Entered Level 5 of the Dungeon
  3711 | D:5      | Reached XP level 7. HP: 38/38 MP: 7/7
  3746 | D:5      | Demolished by an ogre

Illustrated notes

Levels and vault maps discovered:
D:1:      heliophobic_arrival_henge, layout_basic
D:2:      layout_basic
D:3:      layout_basic, chequers_ecumenical_altar_island, uniq_sigmund
D:4:      layout_loops_cross, small_statue_intersection
D:5:      layout_basic, uniq_blork_the_orc, uniq_edmund

Skill      XL: |  1  2  3  4  5  6 |
---------------+-------------------+-----
Fighting       | 3 4 |  4.3
Armour         | 2 3 |  3.3
Short Blades   | 4 5 |  5.2
Dodging        | 3 4 |  4.4

Action                   |  1- 3 |  4- 6 |  7- 9 || total
-------------------------+-------+-------+-------++-------
Melee: Dagger            |   140 |   232 |     4 ||   376
       Short sword       |     8 |       |       ||     8
       Bite              |    14 |    22 |       ||    36
       Punch             |     4 |     4 |       ||     8
Invok: Trog's Hand       |       |     1 |       ||     1
 Abil: Exsanguinate      |     1 |     1 |       ||     2
       Revivify          |       |     1 |       ||     1
       Bat Form          |       |       |     1 ||     1
  Use: Scroll            |       |     6 |       ||     6
 Stab: Sleeping          |     3 |       |       ||     3
Armor: Leather armour    |     3 |       |       ||     3
       Animal skin       |     1 |       |       ||     1
       Chain mail        |    36 |    93 |       ||   129
Dodge: Dodged            |    34 |    84 |       ||   118

Table legend: (Time is in decaauts)
 A = Elapsed time spent in this place.
 B = Non-inter-level travel time spent in this place.
 C = Inter-level travel time spent in this place.
 D = Time resting spent in this place.
 E = Time spent auto-exploring this place.
 F = Levels seen in this place.
 G = Mean time per level.
                   A        B        C        D        E       F      G
               +--------+--------+--------+--------+--------+-----+--------+
         Total |   3571 |   3550 |     21 |    561 |   2301 |   5 |  714.2 |
       Dungeon |   3571 |   3550 |     21 |    561 |   2301 |   5 |  714.2 |
               +--------+--------+--------+--------+--------+-----+--------+

Top non-repeatable levels by time:
     D:1: 1501 daAuts
     D:3: 773 daAuts
     D:2: 619 daAuts
     D:4: 554 daAuts
     D:5: 122 daAuts
